Map: Blackpink LE

Players

Pyloss

  • Race: Protoss Protoss
  • Spawn Location: 7:00

Cyan - Winner!

  • Race: Protoss Protoss
  • Spawn Location: 1:00

Event: WCS Leipzig 2018

VOD

Have the link to the VOD?

Description

Time

  • Played on: Jan. 26, 2018, 6:42 a.m.
  • Length: 4:15

All games in this series

Show
View Real Time Build Order
Export as new Build Order

Pyloss Protoss 

Build Orders: Oracle Opening 

Get SALT Encoding   

  12  0:01  Probe  
  13  0:13  Probe  
  14  0:20  Pylon  
  14  0:25  Probe (Chrono Boost)  
  15  0:39  Gateway  
  15  0:40  Probe (Chrono Boost)  
  16  0:45  Probe (Chrono Boost)  
  16  0:46  Assimilator  
  17  0:54  Probe  
  17  0:56  Assimilator  
  18  1:06  Probe  
  19  1:17  Gateway  
  19  1:20  Probe (Chrono Boost)  
  20  1:29  Pylon  
  20  1:31  Probe (Chrono Boost)  
  21  1:36  Probe (Chrono Boost)  
  22  1:47  Probe, Pylon  
  23  1:56  Cybernetics Core  
  23  2:25  Gateway  
  23  2:32  Stalker x2  
  27  2:37  Stargate  
  27  2:44  Probe  
  28  2:55  Stargate  
  28  3:04  Stalker  
  30  3:09  Pylon  
  30  3:22  Nexus  
  30  3:25  Pylon  
  29  3:29  Sentry  
  29  3:34  Probe  
  32  3:43  Oracle (Chrono Boost)  
  35  3:50  Shield Battery  
  35  3:53  Pylon  
  35  3:56  Probe (Chrono Boost)  
Show
View Real Time Build Order
Export as new Build Order

Cyan Protoss - Winner!

Build Orders:  

Get SALT Encoding   

  12  0:02  Probe  
  13  0:14  Probe  
  13  0:20  Pylon  
  14  0:26  Probe (Chrono Boost)  
  15  0:38  Probe (Chrono Boost)  
  15  0:39  Gateway  
  16  0:47  Probe (Chrono Boost)  
  16  0:49  Assimilator  
  17  0:53  Probe (Chrono Boost)  
  19  1:05  Probe (Chrono Boost), Assimilator  
  19  1:12  Probe (Chrono Boost)  
  19  1:15  Gateway  
  20  1:19  Probe  
  21  1:27  Cybernetics Core  
  21  1:31  Probe  
  22  1:37  Pylon  
  22  1:43  Probe  
  23  1:56  Probe  
  23  2:01  Warp Gate (Chrono Boost)  
  24  2:04  Stalker x2  
  28  2:14  Pylon  
  28  2:34  Stalker x2  
  32  2:52  Gateway  
  32  2:56  Twilight Council  
  32  3:01  Pylon  
  32  3:02  Shield Battery  
  32  3:07  Stalker  
  32  3:11  Stalker  
  36  3:49  Stalker x2  
  36  3:50  Stalker  
  42  4:02  Pylon  
Tags
 
Add a new tag
Caveats
  • Supply blocks, unpowered buildings, or Contaminate may cause inaccurate times.
  • Supply counts are checked every 10 seconds.